Map: Terrasses de Prion

Players

Worming

  • Race: Zerg Zerg
  • League: Platinum

Broccoli - Winner!

  • Race: Zerg Zerg
  • League: Platinum

VOD

Have the link to the VOD?

Description

Time

  • Played on: Nov. 11, 2015, 8:45 a.m.
  • Length: 5:26
Show
View Real Time Build Order
Export as new Build Order

Worming Zerg 

Build Orders: Hatch First 

Get SALT Encoding   

  12  0:01  Drone  
  13  0:12  Overlord  
  13  0:19  Drone  
  14  0:30  Drone  
  14  0:31  Drone  
  14  0:35  Drone  
  17  0:45  Drone  
  18  0:56  Hatchery  
  17  1:00  Drone  
  18  1:05  Extractor  
  17  1:15  Spawning Pool  
  17  1:16  Drone  
  17  1:20  Drone  
  18  1:30  Drone  
  19  1:41  Drone  
  20  1:51  Overlord  
  20  2:01  Queen  
  20  2:07  Metabolic Boost  
  22  2:09  Queen  
  22  2:10  Zergling x2  
  22  2:11  Zergling x2  
  26  2:18  Zergling x2  
  28  2:22  Drone  
  28  2:23  Overlord  
  28  2:32  Drone  
  29  2:42  Drone x2  
  31  2:56  Drone x3  
  31  2:57  Queen  
  35  3:13  Hatchery  
  34  3:25  Zergling x6  
  34  3:26  Zergling x4  
  37  3:28  Drone x4  
  41  3:41  Evolution Chamber  
  40  3:42  Drone x2, Evolution Chamber  
  40  3:45  Extractor  
  40  3:57  Drone x4  
  40  3:58  Overlord  
  43  4:26  Zergling x8  
  43  4:27  Overlord x2  
  43  4:28  Drone x4  
  43  4:29  Drone x2  
  53  4:34  Extractor  
  53  4:38  Zergling x4  
  54  4:39  Overlord  
  53  5:00  Zergling x10  
  53  5:01  Zergling x2  
  56  5:07  Roach Warren  
Show
View Real Time Build Order
Export as new Build Order

Broccoli Zerg - Winner!

Build Orders: Hatch First 

Get SALT Encoding   

  12  0:02  Drone  
  13  0:14  Overlord  
  13  0:17  Drone  
  14  0:33  Drone  
  15  0:45  Hatchery  
  15  0:48  Drone  
  15  0:51  Drone  
  15  0:55  Extractor  
  15  0:58  Drone  
  16  1:13  Spawning Pool  
  16  1:17  Drone  
  16  1:20  Drone  
  17  1:26  Drone  
  17  1:31  Drone  
  19  1:42  Drone  
  20  2:00  Metabolic Boost  
  20  2:01  Queen x2  
  22  2:08  Overlord  
  24  2:13  Zergling x2  
  25  2:16  Drone  
  25  2:19  Drone  
  27  2:27  Baneling Nest, Drone  
  27  2:30  Drone  
  27  2:36  Zergling x4  
  30  2:44  Drone  
  30  2:45  Drone  
  30  2:47  Overlord  
  32  2:53  Overlord  
  32  2:57  Drone  
  33  3:02  Drone, Evolution Chamber  
  33  3:15  Drone x3  
  33  3:16  Drone x2  
  38  3:22  Drone x2  
  38  3:23  Drone  
  41  3:29  Zerg Ground Armor Level 1  
  41  3:32  Drone  
  42  3:37  Zergling x2  
  43  3:42  Zergling x2  
  44  3:55  Overlord x2  
  43  3:59  Zergling x2  
  43  4:22  Zergling x2  
  43  4:23  Zergling x22  
  54  4:35  Zergling x2  
  54  4:36  Zergling x2  
  56  4:38  Hatchery  
  55  4:54  Zergling x2  
  55  4:55  Zergling x2  
  57  5:04  Baneling x2  
  57  5:05  Baneling  
  57  5:06  Zergling x6  
Tags
 
Add a new tag
Caveats
  • Supply blocks, unpowered buildings, or Contaminate may cause inaccurate times.
  • Supply counts are checked every 10 seconds.